[ AOE2 MATCH · #466468986 ]
UnrankedKhmer vs Hindustanis
[ REPLAY ANALYSIS · EXTRACTED FROM THE RECORDED GAME ]
Feudal
—
Castle
—
Imperial
—
| APM avg | 36.0 |
| APM peak | 59 |
| eAPM avg | 15.7 |
| Villagers / military | 18 / 17 |
Focus
⚔️ 26.6% · 🌾 73.4%
Scout Cavalry ×16 · Spearman ×1
Feudal
—
Castle
—
Imperial
—
| APM avg | 26.4 |
| APM peak | 37 |
| eAPM avg | 16.0 |
| Villagers / military | 11 / 17 |
Focus
⚔️ 39.0% · 🌾 61.0%
Fishing Ship ×16 · Scout Cavalry ×9 · Militia ×4 · Spearman ×4
Feudal
—
Castle
—
Imperial
—
| APM avg | 45.6 |
| APM peak | 88 |
| eAPM avg | 18.3 |
| Villagers / military | 15 / 13 |
Focus
⚔️ 27.7% · 🌾 72.3%
Militia ×8 · Fishing Ship ×6 · Spearman ×4 · Galley ×1
Feudal
—
Castle
—
Imperial
—
| APM avg | 42.9 |
| APM peak | 78 |
| eAPM avg | 15.4 |
| Villagers / military | 18 / 19 |
Focus
⚔️ 32.0% · 🌾 68.0%
Militia ×12 · Skirmisher ×5 · Spearman ×2
Feudal
—
Castle
8:15
Imperial
—
| APM avg | 45.0 |
| APM peak | 54 |
| eAPM avg | 22.5 |
| Villagers / military | 16 / 4 |
Focus
⚔️ 20.1% · 🌾 79.9%
Fishing Ship ×21 · Scout Cavalry ×4 · Unknown (1944) ×3
Feudal
—
Castle
—
Imperial
—
| APM avg | 31.0 |
| APM peak | 43 |
| eAPM avg | 19.1 |
| Villagers / military | 18 / 26 |
Focus
⚔️ 28.8% · 🌾 71.2%
Militia ×21 · Fishing Ship ×10 · Demolition Raft ×5
Match map
Initial resources + every placement click. Lines = walls · curves = elevation contours. ◆ gold · ⬟ stone · ● berries · ✦ relic · ◌ wall gap
Your base
mathies.100's base
Nux's base· Open — unwalled flank
juiceisloose's base
nono12's base· Open — unwalled flank
Gogolito3000's base
Smoothed initial terrain · ◌ = detected wall gap · hover for details
Inputs per minute
— MrLitCouchette - - mathies.100
Build order — MrLitCouchette
86 actions detected in the replay
| 0:02 | Create | Villager (Male) |
| 0:02 | Create | Villager (Male) |
| 0:28 | Research | Double-Bit Axe |
| 0:50 | Build | Stable |
| 0:51 | Build | House |
| 0:57 | Build | Stone Wall |
| 1:12 | Create | Villager (Male) |
| 1:12 | Create | Villager (Male) |
| 1:16 | Research | Horse Collar |
| 1:18 | Create | Villager (Male) |
| 1:20 | Build | Farm |
| 1:28 | Build | House |
| 1:30 | Build | House |
| 1:37 | Create | Villager (Male) |
| 1:43 | Build | Farm |
| 1:47 | Create | Spearman |
| 2:01 | Create | Villager (Male) |
| 2:04 | Create | Scout Cavalry |
| 2:29 | Create | Villager (Male) |
| 2:32 | Create | Scout Cavalry |
| 2:35 | Build | House |
| 2:37 | Build | House |
| 2:49 | Build | Gate |
| 2:57 | Create | Villager (Male) |
| 3:03 | Build | House |
| 3:08 | Create | Scout Cavalry |
| 3:09 | Create | Scout Cavalry |
| 3:16 | Build | Farm |
| 3:16 | Build | Farm |
| 3:17 | Build | Farm |
| 3:17 | Build | Farm |
| 3:17 | Build | Farm |
| 3:18 | Build | Farm |
| 3:18 | Build | Farm |
| 3:18 | Build | Farm |
| 3:18 | Build | Farm |
| 3:18 | Build | Farm |
| 3:19 | Build | Farm |
| 3:19 | Build | Farm |
| 3:29 | Create | Villager (Male) |
| 3:48 | Build | House |
| 4:20 | Create | Villager (Male) |
| 4:24 | Research | Forging |
| 4:28 | Build | Farm |
| 4:32 | Build | Farm |
| 4:34 | Build | Farm |
| 4:35 | Build | Farm |
| 4:36 | Build | Farm |
| 4:56 | Create | Scout Cavalry |
| 4:56 | Create | Scout Cavalry |
| 4:59 | Create | Villager (Male) |
| 5:11 | Build | House |
| 5:13 | Build | House |
| 5:19 | Build | Stone Wall |
| 5:19 | Build | Stone Wall |
| 5:20 | Build | Stone Wall |
| 5:56 | Create | Scout Cavalry |
| 5:56 | Create | Scout Cavalry |
| 6:02 | Create | Villager (Male) |
| 6:03 | Create | Villager (Male) |
| 6:08 | Build | Stable |
| 6:15 | Research | Scale Barding Armor |
| 7:01 | Create | Villager (Male) |
| 7:02 | Create | Villager (Male) |
| 7:11 | Research | Bloodlines |
| 7:11 | Create | Scout Cavalry |
| 7:12 | Create | Scout Cavalry |
| 7:14 | Create | Scout Cavalry |
| 7:14 | Create | Scout Cavalry |
| 7:20 | Build | Farm |
| 7:20 | Build | Farm |
| 7:20 | Build | Farm |
| 7:21 | Build | Farm |
| 7:26 | Build | Farm |
| 7:26 | Build | Farm |
| 7:27 | Build | Farm |
| 7:27 | Build | Farm |
| 7:27 | Build | Farm |
| 7:28 | Build | Farm |
| 7:28 | Build | Farm |
| 7:30 | Create | Villager (Male) |
| 7:30 | Create | Villager (Male) |
| 8:03 | Create | Scout Cavalry |
| 8:03 | Create | Scout Cavalry |
| 8:56 | Create | Scout Cavalry |
| 8:56 | Create | Scout Cavalry |
Build order — mathies.100
51 actions detected in the replay
| 0:06 | Create | Villager (Male) |
| 0:06 | Create | Villager (Male) |
| 0:10 | Research | Double-Bit Axe |
| 0:33 | Create | Spearman |
| 0:33 | Create | Spearman |
| 0:42 | Build | Dock |
| 0:49 | Build | House |
| 0:50 | Build | House |
| 0:51 | Build | House |
| 0:58 | Build | Palisade Wall |
| 1:07 | Create | Villager (Male) ×2 |
| 1:17 | Build | House |
| 1:18 | Build | House |
| 1:20 | Build | House |
| 1:25 | Build | Palisade Wall |
| 1:27 | Build | Palisade Wall |
| 1:35 | Build | Palisade Wall |
| 1:37 | Build | Palisade Wall |
| 1:43 | Create | Villager (Male) |
| 1:48 | Create | Spearman |
| 1:48 | Create | Spearman |
| 2:03 | Create | Fishing Ship |
| 2:03 | Create | Fishing Ship |
| 2:12 | Create | Villager (Male) ×2 |
| 2:58 | Build | Dock |
| 3:02 | Create | Fishing Ship |
| 3:15 | Research | Wheelbarrow |
| 3:16 | Create | Villager (Male) ×2 |
| 3:41 | Build | Gate |
| 3:49 | Build | Stone Wall |
| 4:02 | Build | Stable |
| 4:22 | Build | Stone Wall |
| 5:11 | Build | Stable |
| 5:20 | Create | Villager (Male) |
| 5:20 | Create | Villager (Male) |
| 5:28 | Create | Fishing Ship |
| 5:28 | Create | Fishing Ship |
| 5:35 | Create | Fishing Ship |
| 5:35 | Create | Fishing Ship |
| 5:35 | Create | Fishing Ship |
| 5:57 | Create | Scout Cavalry ×3 |
| 5:57 | Create | Scout Cavalry ×3 |
| 6:04 | Create | Fishing Ship ×2 |
| 6:12 | Build | Gate |
| 6:32 | Create | Scout Cavalry ×3 |
| 6:38 | Create | Fishing Ship ×3 |
| 6:38 | Create | Fishing Ship ×3 |
| 7:11 | Create | Militia ×4 |
| 7:11 | Research | Man-at-Arms (upgrade) |
| 7:15 | Research | Man-at-Arms (upgrade) |
| 7:38 | Build | Archery Range |
Build order — Nux
65 actions detected in the replay
| 0:00 | Create | Villager (Male) |
| 0:01 | Create | Villager (Male) |
| 0:06 | Research | Double-Bit Axe |
| 0:16 | Build | House |
| 0:20 | Build | House |
| 0:21 | Build | House |
| 0:29 | Build | Farm |
| 0:36 | Research | Horse Collar |
| 0:49 | Create | Villager (Male) |
| 0:54 | Build | Farm |
| 1:09 | Build | House |
| 1:11 | Build | House |
| 1:13 | Create | Villager (Male) |
| 1:16 | Build | Farm |
| 1:27 | Create | Villager (Male) |
| 1:52 | Create | Militia |
| 2:00 | Build | Dock |
| 2:03 | Create | Villager (Male) |
| 2:08 | Create | Militia |
| 2:16 | Build | Farm |
| 2:17 | Build | Farm |
| 2:19 | Create | Villager (Male) |
| 2:37 | Research | Man-at-Arms (upgrade) |
| 2:57 | Create | Militia |
| 2:58 | Create | Villager (Male) |
| 2:59 | Create | Villager (Male) |
| 3:01 | Create | Fishing Ship |
| 3:01 | Create | Fishing Ship |
| 3:09 | Build | Barracks |
| 3:19 | Build | Farm |
| 3:34 | Create | Militia |
| 3:46 | Create | Villager (Male) |
| 3:50 | Build | House |
| 3:53 | Build | Palisade Wall |
| 3:59 | Create | Militia |
| 4:07 | Create | Militia |
| 4:07 | Create | Militia |
| 4:26 | Create | Fishing Ship |
| 4:32 | Research | Scale Mail Armor |
| 4:59 | Create | Militia |
| 5:00 | Create | Villager (Male) |
| 5:00 | Create | Villager (Male) |
| 5:00 | Create | Villager (Male) |
| 5:30 | Create | Villager (Male) |
| 5:31 | Create | Villager (Male) |
| 5:33 | Research | Forging |
| 5:36 | Create | Fishing Ship |
| 5:36 | Create | Fishing Ship |
| 5:36 | Create | Fishing Ship |
| 5:50 | Create | Spearman |
| 5:51 | Create | Spearman |
| 6:06 | Build | Market |
| 6:33 | Build | Farm |
| 6:34 | Build | Farm |
| 6:37 | Build | Farm |
| 6:37 | Build | Farm |
| 6:38 | Build | Farm |
| 7:13 | Create | Galley |
| 7:38 | Research | Castle Age |
| 7:50 | Build | Farm |
| 8:15 | Build | Stone Wall |
| 8:29 | Create | Spearman |
| 8:29 | Create | Spearman |
| 8:36 | Build | Lumber Camp |
| 8:41 | Build | House |
Build order — juiceisloose
73 actions detected in the replay
| 0:02 | Create | Villager (Male) |
| 0:10 | Research | Double-Bit Axe |
| 0:12 | Create | Spearman |
| 0:35 | Build | Archery Range |
| 0:38 | Create | Villager (Male) |
| 0:57 | Build | House |
| 0:59 | Create | Villager (Male) |
| 0:59 | Create | Villager (Male) |
| 1:01 | Create | Spearman |
| 1:30 | Research | Man-at-Arms (upgrade) |
| 1:51 | Create | Villager (Male) |
| 1:54 | Create | Skirmisher |
| 2:02 | Build | House |
| 2:03 | Build | House |
| 2:03 | Build | House |
| 2:08 | Create | Villager (Male) |
| 2:13 | Create | Militia |
| 2:32 | Create | Villager (Male) |
| 2:32 | Create | Militia |
| 2:36 | Create | Skirmisher |
| 2:54 | Create | Villager (Male) |
| 2:56 | Create | Militia |
| 2:56 | Create | Militia |
| 3:24 | Create | Militia |
| 3:26 | Create | Skirmisher |
| 3:31 | Build | Farm |
| 3:35 | Create | Villager (Male) |
| 3:35 | Create | Villager (Male) |
| 3:41 | Build | Farm |
| 3:45 | Build | House |
| 4:22 | Create | Villager (Male) |
| 4:28 | Build | House |
| 4:33 | Build | House |
| 4:34 | Build | House |
| 4:36 | Build | House |
| 4:37 | Build | House |
| 4:43 | Create | Villager (Male) |
| 4:44 | Create | Militia |
| 4:44 | Create | Militia |
| 4:45 | Create | Skirmisher |
| 4:45 | Create | Skirmisher |
| 4:49 | Build | Farm |
| 4:49 | Build | Farm |
| 4:52 | Build | Farm |
| 4:55 | Build | Farm |
| 4:57 | Build | Farm |
| 4:58 | Research | Horse Collar |
| 5:00 | Create | Militia |
| 5:24 | Create | Villager (Male) |
| 5:29 | Research | Scale Mail Armor |
| 5:39 | Build | Barracks |
| 5:40 | Build | Barracks |
| 5:44 | Create | Villager (Male) |
| 6:19 | Create | Villager (Male) |
| 6:19 | Create | Villager (Male) |
| 6:27 | Build | Lumber Camp |
| 6:31 | Build | Palisade Wall |
| 6:35 | Create | Militia |
| 6:35 | Create | Militia |
| 6:53 | Create | Villager (Male) |
| 6:54 | Create | Villager (Male) |
| 6:58 | Build | Farm |
| 6:58 | Build | Farm |
| 7:20 | Create | Militia |
| 7:20 | Create | Militia |
| 7:24 | Build | Farm |
| 7:24 | Build | Farm |
| 7:24 | Build | Farm |
| 7:24 | Build | Farm |
| 7:25 | Build | Farm |
| 8:03 | Build | House |
| 8:05 | Build | Palisade Wall |
| 8:28 | Build | Market |
Build order — nono12
78 actions detected in the replay
| 0:00 | Create | Villager (Male) |
| 0:00 | Create | Villager (Male) |
| 0:00 | Create | Villager (Male) |
| 0:15 | Research | Double-Bit Axe |
| 0:39 | Create | Villager (Male) |
| 0:40 | Create | Villager (Male) |
| 0:54 | Build | Dock |
| 1:04 | Build | House |
| 1:09 | Build | House |
| 1:10 | Build | House |
| 1:16 | Build | Dock |
| 1:34 | Create | Fishing Ship |
| 1:38 | Create | Villager (Male) |
| 1:57 | Create | Fishing Ship |
| 1:57 | Create | Fishing Ship |
| 1:59 | Create | Villager (Male) |
| 2:00 | Create | Fishing Ship |
| 2:27 | Build | Dock |
| 2:38 | Create | Fishing Ship |
| 2:42 | Create | Villager (Male) |
| 2:42 | Create | Villager (Male) |
| 2:57 | Build | Dock |
| 3:17 | Create | Villager (Male) |
| 3:18 | Create | Fishing Ship |
| 3:19 | Create | Fishing Ship |
| 3:19 | Create | Fishing Ship |
| 3:19 | Create | Fishing Ship |
| 3:24 | Create | Fishing Ship |
| 3:24 | Create | Fishing Ship |
| 3:33 | Create | Fishing Ship |
| 3:33 | Create | Fishing Ship |
| 3:50 | Build | Stable |
| 3:55 | Create | Fishing Ship |
| 4:02 | Create | Villager (Male) |
| 4:03 | Create | Villager (Male) |
| 4:06 | Build | House |
| 4:11 | Build | House |
| 4:20 | Create | Fishing Ship |
| 4:21 | Create | Fishing Ship |
| 4:21 | Create | Fishing Ship |
| 4:46 | Build | Stable |
| 4:56 | Create | Villager (Male) |
| 5:08 | Create | Fishing Ship |
| 5:08 | Create | Fishing Ship |
| 5:35 | Research | Castle Age |
| 5:40 | Build | Lumber Camp |
| 5:48 | Build | Mining Camp |
| 6:09 | Create | Scout Cavalry |
| 6:09 | Create | Scout Cavalry |
| 6:15 | Create | Villager (Male) |
| 6:16 | Create | Villager (Male) |
| 6:17 | Build | House |
| 6:20 | Build | House |
| 6:23 | Build | House |
| 6:26 | Build | House |
| 6:52 | Research | Gold Mining |
| 6:53 | Research | Stone Mining |
| 6:57 | Build | Fish Trap |
| 7:00 | Build | Fish Trap |
| 7:04 | Create | Fishing Ship |
| 7:04 | Create | Fishing Ship |
| 7:13 | Research | Bloodlines |
| 7:24 | Research | Scale Barding Armor |
| 7:31 | Build | Lumber Camp |
| 7:44 | Create | Scout Cavalry |
| 7:44 | Create | Scout Cavalry |
| 8:02 | Research | Forging |
| 8:07 | Build | Stable |
| 8:11 | Build | Stable |
| 8:15 | Age | Castle Age |
| 8:16 | Create | Unit 1944 |
| 8:17 | Create | Unit 1944 |
| 8:17 | Create | Villager (Male) |
| 8:32 | Build | Mining Camp |
| 8:54 | Build | Town Center |
| 9:03 | Create | Unit 1944 |
| 9:04 | Research | Husbandry |
| 9:07 | Research | Gold Shaft Mining |
Build order — Gogolito3000
92 actions detected in the replay
| 0:01 | Create | Villager (Male) |
| 0:10 | Research | Double-Bit Axe |
| 0:19 | Create | Militia |
| 0:35 | Create | Villager (Male) |
| 0:57 | Create | Militia |
| 1:01 | Create | Villager (Male) |
| 1:14 | Build | Dock |
| 1:26 | Create | Militia |
| 1:30 | Create | Villager (Male) |
| 1:35 | Build | House |
| 1:57 | Create | Demolition Raft |
| 1:57 | Create | Demolition Raft |
| 2:05 | Build | House |
| 2:08 | Create | Villager (Male) |
| 2:09 | Create | Villager (Male) |
| 2:29 | Create | Militia |
| 2:30 | Research | Man-at-Arms (upgrade) |
| 2:51 | Build | Mule Cart |
| 2:52 | Create | Villager (Male) |
| 2:58 | Create | Demolition Raft |
| 3:04 | Create | Demolition Raft |
| 3:09 | Create | Fishing Ship |
| 3:22 | Create | Villager (Male) |
| 3:39 | Create | Villager (Male) |
| 3:44 | Create | Fishing Ship |
| 3:48 | Create | Fishing Ship |
| 3:48 | Create | Fishing Ship |
| 3:55 | Create | Villager (Male) |
| 4:08 | Create | Fishing Ship |
| 4:08 | Create | Fishing Ship |
| 4:14 | Create | Militia |
| 4:15 | Create | Militia |
| 4:26 | Build | Barracks |
| 4:31 | Create | Fishing Ship |
| 4:32 | Create | Fishing Ship |
| 4:33 | Create | Villager (Male) |
| 4:35 | Create | Villager (Male) |
| 4:38 | Build | House |
| 4:40 | Research | Scale Mail Armor |
| 4:46 | Create | Militia |
| 4:59 | Build | House |
| 5:01 | Build | House |
| 5:06 | Research | Horse Collar |
| 5:11 | Create | Fishing Ship |
| 5:11 | Create | Fishing Ship |
| 5:19 | Build | House |
| 5:20 | Build | House |
| 5:22 | Build | House |
| 5:27 | Research | Long Swordsman (upgrade) |
| 5:28 | Create | Militia |
| 5:28 | Create | Militia |
| 5:37 | Build | Gate |
| 5:40 | Create | Militia |
| 5:56 | Create | Militia |
| 5:56 | Create | Militia |
| 6:09 | Create | Militia |
| 6:29 | Create | Villager (Male) |
| 7:07 | Create | Militia |
| 7:07 | Create | Militia |
| 7:08 | Create | Demolition Raft |
| 7:10 | Create | Villager (Male) |
| 7:15 | Build | Farm |
| 7:15 | Build | Farm |
| 7:15 | Build | Farm |
| 7:15 | Build | Farm |
| 7:16 | Build | Farm |
| 7:16 | Build | Farm |
| 7:16 | Build | Farm |
| 7:17 | Build | Farm |
| 7:17 | Build | Farm |
| 7:18 | Build | Farm |
| 7:19 | Build | Farm |
| 7:19 | Build | Farm |
| 7:21 | Build | Farm |
| 7:21 | Build | Farm |
| 7:21 | Build | Farm |
| 7:22 | Build | Farm |
| 7:32 | Create | Militia |
| 7:33 | Create | Militia |
| 7:40 | Create | Villager (Male) |
| 7:49 | Build | Mill |
| 7:53 | Build | Farm |
| 8:02 | Create | Militia |
| 8:05 | Create | Villager (Male) |
| 8:20 | Build | Farm |
| 8:22 | Build | Farm |
| 8:24 | Build | Farm |
| 8:32 | Create | Villager (Male) |
| 8:32 | Create | Villager (Male) |
| 8:40 | Create | Militia |
| 9:10 | Create | Militia |
| 9:11 | Create | Militia |
Match timeline
| 0:35 | juiceisloose · first_building Archery Range |
| 0:42 | mathies.100 · first_building Dock |
| 0:50 | MrLitCouchette · first_building Stable |
| 0:54 | nono12 · first_building Dock |
| 0:57 | MrLitCouchette · wall_segment Stone Wall x7 |
| 0:58 | mathies.100 · wall_segment Palisade Wall x11 |
| 1:14 | Gogolito3000 · first_building Dock |
| 1:25 | mathies.100 · wall_segment Palisade Wall x7 |
| 1:27 | mathies.100 · wall_segment Palisade Wall x9 |
| 1:35 | mathies.100 · wall_segment Palisade Wall x6 |
| 1:37 | mathies.100 · wall_segment Palisade Wall x6 |
| 2:00 | Nux · first_building Dock |
| 3:09 | Nux · first_building Barracks |
| 3:49 | mathies.100 · wall_segment Stone Wall x1 |
| 3:50 | nono12 · first_building Stable |
| 3:53 | Nux · wall_segment Palisade Wall x5 |
| 4:02 | mathies.100 · first_building Stable |
| 4:22 | mathies.100 · wall_segment Stone Wall x12 |
| 4:26 | Gogolito3000 · first_building Barracks |
| 5:19 | MrLitCouchette · wall_segment Stone Wall x6 |
| 5:19 | MrLitCouchette · wall_segment Stone Wall x2 |
| 5:20 | MrLitCouchette · wall_segment Stone Wall x2 |
| 5:39 | juiceisloose · first_building Barracks |
| 6:31 | juiceisloose · wall_segment Palisade Wall x13 |
| 7:28 | Nux · first_market_buy 100 food |
| 7:38 | mathies.100 · first_building Archery Range |
| 8:05 | juiceisloose · wall_segment Palisade Wall x5 |
| 8:15 | Nux · wall_segment Stone Wall x18 |
| 8:15 | nono12 · age_up castle |
| 8:39 | mathies.100 · resign |
[ AI ANALYSIS · 1 CREDIT ]
What really happened in this match?
Wolo.gg analyzes every decision: build order, eco, micro, common mistakes by bracket. Personalized analysis on WhatsApp or Discord in 30 seconds.
Civ guide
Khmer
Perfil
Jugador #395345